 Dungeon Crawl Stone Soup version 0.30-a0-587-gfd7c166f36 (webtiles) character file.

Game seed: 12877777576360752633

2578 Bnni the Jinx (level 9, -14/68 HPs)
             Began as a Formicid Hexslinger on Jan 4, 2023.
             Was a Believer of Dithmenos.
             Demolished by a two-headed ogre
             ... wielding a +0 giant spiked club
              (18 damage)
             ... on level 7 of the Dungeon.
             The game lasted 00:21:56 (8643 turns).

Bnni the Jinx (Formicid Hexslinger)                 Turns: 8643, Time: 00:21:57

Health: -14/68     AC:  5    Str: 14    XL:     9   Next: 88%
Magic:  0/13       EV: 12    Int: 16    God:    Dithmenos [**....]
Gold:   369        SH:  0    Dex: 16    Spells: 1/14 levels left

rFire   . . .      SeeInvis +    a - +2 sling
rCold   . . .      Faith    .    (no shield)
rNeg    + . .      Spirit   +    n - +2 robe {rN+}
rPois   .          Reflect  .    (helmet unavailable)
rElec   .          Harm     .    (no cloak)
rCorr   .          Rampage  .    y - +0 pair of gloves
Will    .....                    (no boots)
Stlth   ++                       z - amulet of guardian spirit
HPRegen 0.31/turn                (no ring)
MPRegen 0.13/turn                (no ring)

@: wreathed by umbra, invisible
A: permanent stasis, dig shafts and tunnels, antennae 3, four strong arms
a: Dig, Shaft Self, Renounce Religion, Shadow Step


You were on level 7 of the Dungeon.
You worshipped Dithmenos.
Dithmenos was pleased with you.
You visited 1 branch of the dungeon, and saw 7 of its levels.

You collected 468 gold pieces.
You spent 99 gold pieces at shops.

Inventory:

Hand Weapons
 a - a +2 sling (weapon)
 o - a +0 dagger of venom
Missiles
 C - a curare-tipped dart
Armour
 e - a +0 tower shield
 n - a +2 robe of positive energy (worn)
 y - a +0 pair of gloves (worn)
Jewellery
 z - an amulet of guardian spirit (around neck)
 D - a ring of fire
Wands
 t - a wand of mindburst (11)
 u - a wand of flame (24)
 v - a wand of digging (4)
 A - a wand of roots (11)
 B - a wand of charming (10)
Scrolls
 b - 2 scrolls of poison
 d - a scroll of silence {unknown}
 f - a scroll of noise {unknown}
 j - 4 scrolls of amnesia
 k - 2 scrolls of torment
 m - 2 scrolls of enchant weapon
 s - 2 scrolls of enchant armour {unknown}
 w - 2 scrolls of teleportation {unknown}
 F - a scroll of magic mapping {unknown}
 G - a scroll of vulnerability {unknown}
Potions
 c - a potion of might
 g - a potion of degeneration {unknown}
 h - a potion of invisibility
 i - 3 potions of attraction
 l - a potion of flight {unknown}
 q - a potion of curing
 r - 3 potions of cancellation
 x - a potion of mutation {unknown}
 E - a potion of brilliance {unknown}


   Skills:
 + Level 5.0 Fighting
 * Level 6.8 Ranged Weapons
 - Level 1.7 Dodging
 + Level 5.7 Shields
 - Level 3.2 Spellcasting
 * Level 8.6 Hexes
 - Level 3.0 Translocations
 - Level 3.0 Fire Magic


You had one spell level left.
You knew the following spells:

 Your Spells              Type           Power      Damage    Failure   Level
a - Slow                  Hex            100%       N/A       1%          1
b - Inner Flame           Hex/Fire       21%        N/A       4%          3
c - Portal Projectile     Hex/Tloc       42%        N/A       4%          3
d - Cause Fear            Hex            15%        N/A       5%          4
e - Ensorcelled Hibernat  Hex/Ice        32%        N/A       4%          2

Your spell library contained the following spells:

 Spells                   Type           Power      Damage    Failure   Level
 Gell's Gravitas          Tloc           12%        N/A       16%         3
 Lesser Beckoning         Tloc           24%        N/A       16%         3
 Teleport Other           Tloc           12%        N/A       16%         3
 Passwall                 Tmut/Erth      1%         N/A       28%         2
 Stone Arrow              Conj/Erth      4%         3d7       50%         3
 Animate Armour           Summ/Erth      4%         N/A       88%         4
 Lehudib's Crystal Spear  Conj/Erth      1%         10d2      100%        8
 Swiftness                Air            Unusable   N/A       N/A         3

Dungeon Overview and Level Annotations

Branches:
Dungeon (7/15)             Temple (0/1) D:5

Altars:
Dithmenos
Gozag
Hepliaklqana
Makhleb
Trog
Vehumet
Wu Jian
Yredelemnul
The Shining One

Shops:
D:2 [

Portals:
Abyss: D:3

Annotations:
D:3 2 transporters, confidenceinterval's ghost, amateur SpHu
D:6 3 runed translucent doors, SeventhVestige's ghost, novice HOFi


Innate Abilities, Weirdness & Mutations

You cannot be hasted, slowed, berserked, paralysed or teleported.
You can dig through walls and to a lower floor.
You have a pair of large antennae on your head. (SInv)
Your four strong arms can wield two-handed weapons with a shield.


Message History

Aiming: Slow (safe; 1% risk of failure)
Press: ? - help, Shift-Dir - straight line, f/p - two-headed ogre
Aim: a two-headed ogre, wielding a +0 giant spiked club and a +0 giant club (severely wounded, inner flame, unable to see you, umbra, chance to affect: 38%)
The two-headed ogre resists with some effort.
You feel better. The orc wizard barely misses you.
The two-headed ogre barely misses you.
The two-headed ogre hits you with a +0 giant club!
* * * LOW HITPOINT WARNING * * *
The cyclops howls, "Help!"
You feel better.
You are no longer teleporting projectiles to their destination.
The orc wizard hits you with a +0 dagger.
* * * LOW HITPOINT WARNING * * *
The two-headed ogre hits you with a +0 giant spiked club!
* * * LOW HITPOINT WARNING * * *
The two-headed ogre misses you.
You feel better. The orc wizard barely misses you.
You shoot a sling bullet.
The sling bullet closely misses the orc wizard.
You hear a loud, deep croak!
The orc wizard closely misses you.
The two-headed ogre barely misses you. x2
You hear a loud, deep croak!
You shoot a sling bullet. The sling bullet hits the orc wizard.
The orc wizard is lightly wounded.
The orc wizard misses you. The two-headed ogre barely misses you.
The two-headed ogre closely misses you.
You shoot a sling bullet. The sling bullet hits the orc wizard.
The orc wizard is heavily wounded.
You hear a loud, deep croak!
The orc wizard gestures at you while chanting.
The puff of flame hits you!
* * * LOW HITPOINT WARNING * * *
You hear a howl!
You feel better.
The two-headed ogre's inner flame fades away.
The orc wizard barely misses you.
The two-headed ogre hits you with a +0 giant spiked club!
* * * LOW HITPOINT WARNING * * *
The two-headed ogre hits you with a +0 giant club!!
You die...

.....#...##...#'#.#
##.....##
#....##...#.###...##
##...##
......'.#####......# ##'##
......###.#.....#..## #.#
....###...##..###...# #.#
# ..###
....#...###..####.########
###
#..##..#.....#.........##
#{{
#...#..O...###.....###.# #
#..##.o@######...## #.# #
{ #...†.####.###...####.##
# {
##.F###................<
#.....#.###.###...####.##
#.....###.# ### #...# #.#
o...F.##
#.#######...####.# ...##
#................# .##
##########.####### #...#


You could see a two-headed ogre (unable to see you), a bullfrog (wandering,
unable to see you) and an orc wizard (invisible, unable to see you).

Vanquished Creatures
  Pikel (D:4)
  An acid dragon (D:6)
  A water moccasin (D:5)
  A sky beast (D:6)
  A black bear (D:7)
  2 ogres
  A lemure (D:3)
  A kobold brigand (D:6)
  A bullfrog (D:7)
  A necrophage (D:7)
  6 scorpions
  A killer bee (D:4)
  2 jellies (D:6)
  5 hounds
  2 orc priests (D:5)
  3 iron imps (D:3)
  4 iguanas
  Terence (D:3)
  6 orc wizards
  Natasha (thrice) (D:2)
  A statue (D:6)
  Robin (D:3)
  4 adders
  3 ufetubi
  A dart slug (D:1)
  17 orcs
  8 bats
  11 endoplasms
  5 giant cockroaches
  14 goblins
  14 hobgoblins
  2 jackals (D:5)
  4 quokkas
  6 ball pythons
  3 frilled lizards
  10 kobolds
  3 rats (D:1)
151 creatures vanquished.

Vanquished Creatures (others)
  A wyvern (D:7)
  7 plants (D:6)
8 creatures vanquished.

Grand Total: 159 creatures vanquished

Notes
Turn   | Place    | Note
-------+----------+-------------------------------------------
     0 | D:1      | Bnni the Formicid Hexslinger began the quest for the Orb.
     0 | D:1      | Reached XP level 1. HP: 15/15 MP: 2/2
    66 | D:1      | Reached XP level 2. HP: 21/21 MP: 3/3
   159 | D:1      | Reached skill level 1 in Fire Magic
   363 | D:1      | Reached XP level 3. HP: 26/26 MP: 4/4
   380 | D:1      | Learned a level 3 spell: Inner Flame
   395 | D:1      | Reached skill level 4 in Hexes
   839 | D:2      | Reached XP level 4. HP: 28/32 MP: 6/6
   874 | D:2      | Found a shadowy altar of Dithmenos.
   881 | D:2      | Became a worshipper of Dithmenos the Shadowed
   963 | D:2      | Found Daoporr's Antique Armour Shoppe.
   970 | D:2      | Bought a runed robe for 99 gold pieces
   970 | D:2      | Noticed Natasha
   975 | D:2      | Killed Natasha
   976 | D:2      | Reached skill level 1 in Shields
  1206 | D:2      | Noticed Natasha
  1221 | D:2      | Killed Natasha
  1222 | D:2      | Reached XP level 5. HP: 5/38 MP: 5/7
  1267 | D:2      | Noticed Natasha
  1272 | D:2      | Killed Natasha
  1430 | D:3      | Found an opulent altar of Gozag.
  1618 | D:3      | Found a transporter.
  1633 | D:3      | Found a transporter.
  1709 | D:3      | Found a one-way gate to the infinite horrors of the Abyss.
  1709 | D:3      | Noticed confidenceinterval's ghost (amateur SpHu)
  1712 | D:3      | Noticed an ancient zyme
  1712 | D:3      | Noticed a small abomination
  1852 | D:3      | Noticed Robin
  1890 | D:3      | Reached XP level 6. HP: 43/44 MP: 8/8
  2043 | D:3      | Reached * piety under Dithmenos
  2049 | D:3      | Killed Robin
  2147 | D:3      | Reached skill level 5 in Hexes
  2153 | D:3      | Found a burning altar of Makhleb.
  2175 | D:3      | Learned a level 4 spell: Cause Fear
  2327 | D:3      | Found a faded altar of an unknown god.
  2343 | D:3      | Noticed Terence
  2369 | D:3      | Killed Terence
  2489 | D:3      | Found a hazy altar of Hepliaklqana.
  2568 | D:3      | Found an ornate altar of the Wu Jian Council.
  2577 | D:3      | Found a glowing golden altar of the Shining One.
  2915 | D:4      | Noticed Pikel
  3147 | D:4      | Reached XP level 7. HP: 27/51 MP: 7/10
  3268 | D:4      | Killed Pikel
  3269 | D:4      | Reached skill level 6 in Hexes
  3269 | D:4      | Reached XP level 8. HP: 25/58 MP: 7/12
  3465 | D:4      | Learned a level 3 spell: Portal Projectile
  3816 | D:4      | Reached skill level 5 in Ranged Weapons
  3883 | D:4      | Reached ** piety under Dithmenos
  3908 | D:4      | Learned a level 2 spell: Ensorcelled Hibernation
  4148 | D:5      | Entered Level 5 of the Dungeon
  4185 | D:5      | Found a bloodstained altar of Trog.
  4254 | D:5      | Reached skill level 1 in Translocations
  4700 | D:5      | Found a basalt altar of Yredelemnul.
  4725 | D:5      | Reached skill level 7 in Hexes
  4866 | D:5      | Found a staircase to the Ecumenical Temple.
  5001 | D:5      | HP: 3/60 [poisoned by a scorpion]
  5197 | D:5      | Reached XP level 9. HP: 55/65 MP: 13/13
  5742 | D:5      | HP: 3/65 [poisoned by a water moccasin]
  6713 | D:6      | Found a runed translucent gate.
  6713 | D:6      | Found a runed translucent gate.
  6713 | D:6      | Found a runed translucent gate.
  6714 | D:6      | Noticed SeventhVestige's ghost (novice HOFi)
  6842 | D:6      | Found a radiant altar of Vehumet.
  6933 | D:6      | Reached skill level 5 in Shields
  7192 | D:6      | Reached skill level 8 in Hexes
  8365 | D:7      | Reached skill level 5 in Fighting
  8614 | D:7      | Noticed a two-headed ogre
  8616 | D:7      | Noticed a cyclops
  8634 | D:7      | HP: 2/68 [two-headed ogre/+0 giant spiked club (19)]
  8643 | D:7      | Demolished by a two-headed ogre

Illustrated notes

Levels and vault maps discovered:
D:1:      lemuel_arrival_rhombus, layout_loops_ring, minmay_domino_2
D:2:      layout_rooms, serial_shops, nicolae_shop_waterfront, basic_altar,
          uniq_natasha
D:3:      layout_basic, amcnicky_altar_gilded, demons_altar,
          mainiacjoe_overflow_concentric_impassable, mainiacjoe_overflow_swirl,
          gammafunk_ghost_abyssal_escape, hellmonk_ecumenical_altar_crossroads,
          uniq_robin, uniq_terence
D:4:      cheibrodos_barr_body, layout_cave_pools, uniq_pikel
D:5:      layout_loops_ring, overflow_temple_1_default, kennysheep_little_box,
          minmay_temple_entry_statues_pillars, chequers_serial_rivers_small_b
D:6:      hellmonk_crumbling_castle, layout_gridville, vehumet_statue,
          ebering_ghost_rock_garden, serial_bayou, serial_bayou_shore_b,
          serial_bayou_lagoon_a, serial_bayou_pond_a
D:7:      minmay_slanted_spiral_squares, layout_loops_corners,
          kennysheep_decorative_pillar

Skill      XL: |  1  2  3  4  5  6  7  8  9 |
---------------+----------------------------+-----
Fire Magic     | 1 2 3 |  3.0
Hexes          | 4 5 6 7 8 |  8.6
Shields        | 1 2 3 4 5 |  5.7
Fighting       | 2 3 4 5 |  5.0
Ranged Weapons | 3 4 5 6 |  6.8
Spellcasting   | 2 3 |  3.2
Translocations | 2 3 |  3.0
Dodging        | |  1.7

Action                   |  1- 3 |  4- 6 |  7- 9 || total
-------------------------+-------+-------+-------++-------
Melee: Dagger            |       |       |     6 ||     6
 Fire: Sling             |    89 |   264 |   396 ||   749
 Cast: Slow              |     2 |    12 |    36 ||    50
       Inner Flame       |       |     7 |    15 ||    22
       Ensorcelled Hiber |       |       |     8 ||     8
       Cause Fear        |       |       |    10 ||    10
       Portal Projectile |       |       |     4 ||     4
 Abil: Dig               |       |     2 |       ||     2
Evoke: Wand              |       |       |     2 ||     2
  Use: Scroll            |       |     4 |     7 ||    11
       Potion            |       |       |     6 ||     6
Armor: Robe              |    12 |    29 |    40 ||    81
Dodge: Dodged            |    34 |    70 |   163 ||   267

Table legend: (Time is in decaauts)
 A = Elapsed time spent in this place.
 B = Non-inter-level travel time spent in this place.
 C = Inter-level travel time spent in this place.
 D = Time resting spent in this place.
 E = Time spent auto-exploring this place.
 F = Levels seen in this place.
 G = Mean time per level.
                   A        B        C        D        E       F      G
               +--------+--------+--------+--------+--------+-----+--------+
         Total |   8791 |   8446 |    345 |   2260 |   4495 |   7 | 1255.9 |
       Dungeon |   8791 |   8446 |    345 |   2260 |   4495 |   7 | 1255.9 |
               +--------+--------+--------+--------+--------+-----+--------+

Top non-repeatable levels by time:
     D:5: 2317 daAuts
     D:3: 1650 daAuts
     D:6: 1337 daAuts
     D:4: 1292 daAuts
     D:7: 747 daAuts
     D:1: 736 daAuts
     D:2: 709 daAuts
